 Dungeon Sprint DCSS version 0.30-a0-304-gdc4b735fe1 (webtiles) character file.

Game seed: 12481935995681604719

1214 Low2 the Spear-Bearer (level 8, -10/111 HPs)
             Began as a Minotaur Gladiator on Oct 20, 2022.
             Was a Follower of Makhleb.
             Shot with an arrow by a centaur warrior (15 damage)
             ... in the Dungeon (Sprint I: "Red Sonja").
             The game lasted 00:05:16 (643 turns).

Low2 the Spear-Bearer (Minotaur Gladiator)           Turns: 643, Time: 00:05:19

Health: -10/111    AC:  8    Str: 20    XL:     8   Next: 22%
Magic:  7/7        EV: 14    Int:  5    God:    Makhleb [*.....]
Gold:   33         SH:  0    Dex: 13    Spells: 7/7 levels left

rFire   . . .      SeeInvis .    a - +0 trident
rCold   . . .      Faith    .    (no shield)
rNeg    . . .      Spirit   .    e - +1 scale mail
rPois   .          Reflect  .    c - +0 hat
rElec   .          Harm     .    (no cloak)
rCorr   .          Rampage  .    (no gloves)
Will    .....      NoTele   +    (no boots)
Stlth   ..........               (no amulet)
HPRegen 0.38/turn                (no ring)
MPRegen 0.10/turn                (no ring)

@: berserking, lethally poisoned (-10 -> -17), slowed
A: horns 2, retaliatory headbutt
a: Renounce Religion


You were in the Dungeon.
You worshipped Makhleb.
Makhleb was aware of your devotion.
You visited 1 branch You collected 405 gold pieces.
You spent 372 gold pieces at shops.

Inventory:

Hand Weapons
 a - a +0 trident (weapon)
 l - a +0 spear
Armour
 b - a +0 leather armour
 c - a +0 hat (worn)
 e - a +1 scale mail (worn)
Scrolls
 p - 2 scrolls of identify
 r - a scroll of vulnerability
Potions
 h - a potion of haste
 i - 2 potions of magic


   Skills:
 + Level 7.7 Fighting
 + Level 13.7 Polearms
 + Level 6.2 Throwing
 + Level 5.4 Armour
 + Level 10.9 Dodging
 + Level 4.1 Stealth


You had 7 spell levels left.
You didn't know any spells.
Your spell library was empty.

Dungeon Overview and Level Annotations

Branches:
Dungeon (1/1)

Altars:
Cheibriados
Dithmenos
Elyvilon
Fedhas
Gozag
Hepliaklqana
Kikubaaqudgha
Makhleb
Nemelex Xobeh
Okawaru
Qazlal
Ru
Sif Muna
Trog
Uskayaw
Vehumet
Wu Jian
Xom
Yredelemnul
Zin
The Shining One
Jiyva
Lugonu

Shops:
D ?


Innate Abilities, Weirdness & Mutations

You have a pair of horns on your head.
You reflexively headbutt those who attack you in melee.


Message History

The demonic crawler shrieks in warning!
The hornet stings you!
* * * LOW HITPOINT WARNING * * *
You feel yourself slow down.
You hear a shout!
Okay, then.
A red film seems to cover your vision as you go berserk!
You feel yourself moving faster!
You feel mighty!
You hear a roar!
The hornet stings you!
* * * LOW HITPOINT WARNING * * *
You are lethally poisoned!
You feel as though you will be slow longer.
The hornet barely misses you.
You miss the hornet. Your headbutt misses the hornet.
The hornet is moderately wounded.
* * * LOW HITPOINT WARNING * * *
You feel sick. The demonic crawler misses you. You furiously retaliate!
You headbutt the demonic crawler!
You kill the demonic crawler!
Makhleb accepts your kill.
You can now gain health from killing.
The hornet closely misses you.
The centaur warrior wields a +0 shortbow.
The centaur warrior shoots an arrow.
The arrow misses you.
You hear a shout!
Your Armour skill increases to level 5!
Your Stealth skill increases to level 4!
You have reached level 8!
You feel agile.
You barely miss the hornet. Your headbutt misses the hornet.
The hornet is moderately wounded.
* * * LOW HITPOINT WARNING * * *
You feel sick. The hornet closely misses you.
You barely miss the hornet. Your headbutt misses the hornet.
The hornet is moderately wounded.
* * * LOW HITPOINT WARNING * * *
You feel sick.
The centaur warrior shoots an arrow.
The arrow completely misses you.
The arrow hits the hornet!!
The centaur warrior shoots an arrow.
The arrow hits you!
You die...

######################
..'..#.)'..#__#s4'35.#
).#.)'..#.43.K'.s#..s#
####'#####K#__####.(.'s.#
###..#...#.####§.#####ss+
__####..##K#~~c§§#§§# ##
_____##'#_csc§c§@y§§#
_.∩...'.§c_#§§§§§#§$#
_..__##_.#'##+#### +#
_____###+#.# ###### ###


You could see 2 centaur warriors and a hornet.

Vanquished Creatures
  A kobold demonologist (D)
  A demonic crawler (D)
  A slime creature (D)
  Sigmund (D)
  A yak (D)
  A floating eye (D)
  An ogre (D)
  A jelly (D)
  Ijyb (D)
9 creatures vanquished.

Notes
Turn   | Place    | Note
-------+----------+-------------------------------------------
     0 | D        | Low2 the Minotaur Gladiator began the quest for the Orb.
     0 | D        | Reached XP level 1. HP: 18/18 MP: 0/0
     2 | D        | Noticed Ijyb
    15 | D        | Killed Ijyb
    16 | D        | Reached skill level 5 in Polearms
    16 | D        | Reached skill level 5 in Dodging
    16 | D        | Reached XP level 2. HP: 21/26 MP: 1/1
    37 | D        | Noticed an ogre
    46 | D        | Killed an ogre
    47 | D        | Reached skill level 7 in Polearms
    47 | D        | Reached skill level 1 in Stealth
    47 | D        | Reached XP level 3. HP: 8/33 MP: 2/2
    47 | D        | Reached XP level 4. HP: 10/40 MP: 3/3
   164 | D        | Noticed Sigmund
   172 | D        | Killed Sigmund
   173 | D        | Reached skill level 10 in Polearms
   173 | D        | Reached skill level 1 in Armour
   173 | D        | Reached XP level 5. HP: 35/47 MP: 4/4
   173 | D        | Reached XP level 6. HP: 41/55 MP: 5/5
   233 | D        | Found an ornate altar of the Wu Jian Council.
   233 | D        | Found a shimmering blue altar of Sif Muna.
   236 | D        | Found a radiant altar of Vehumet.
   238 | D        | Reached skill level 5 in Fighting
   293 | D        | Found Luakaff's Magic Scroll Emporium.
   293 | D        | Found an ancient bone altar of Kikubaaqudgha.
   293 | D        | Found a hazy altar of Hepliaklqana.
   293 | D        | Found a stormy altar of Qazlal.
   293 | D        | Found a hide-covered altar of Uskayaw.
   293 | D        | Found a blossoming altar of Fedhas.
   293 | D        | Found a bloodstained altar of Trog.
   293 | D        | Found an iron altar of Okawaru.
   293 | D        | Found a basalt altar of Yredelemnul.
   293 | D        | Found a glowing golden altar of the Shining One.
   293 | D        | Found a snail-covered altar of Cheibriados.
   293 | D        | Found a sacrificial altar of Ru.
   293 | D        | Found a glowing silver altar of Zin.
   293 | D        | Found a shadowy altar of Dithmenos.
   293 | D        | Found a white marble altar of Elyvilon.
   293 | D        | Noticed a yak
   301 | D        | Killed a yak
   302 | D        | Reached skill level 11 in Polearms
   302 | D        | Reached skill level 5 in Throwing
   429 | D        | Found a burning altar of Makhleb.
   429 | D        | Found a viscous altar of Jiyva.
   429 | D        | Found a shimmering altar of Xom.
   429 | D        | Found a corrupted altar of Lugonu.
   429 | D        | Noticed a slime creature
   438 | D        | Killed a slime creature
   439 | D        | Reached skill level 12 in Polearms
   439 | D        | Reached skill level 10 in Dodging
   439 | D        | Reached XP level 7. HP: 40/64 MP: 6/6
   442 | D        | Became a worshipper of Makhleb the Destroyer
   532 | D        | Found an opulent altar of Gozag.
   533 | D        | Found a sparkling altar of Nemelex Xobeh.
   537 | D        | Bought a scroll of summoning for 114 gold pieces
   537 | D        | Bought a scroll of poison for 48 gold pieces
   537 | D        | Bought 3 scrolls of identify for 72 gold pieces
   537 | D        | Bought a scroll of enchant armour for 90 gold pieces
   537 | D        | Bought a scroll of vulnerability for 48 gold pieces
   558 | D        | Noticed a kobold demonologist
   558 | D        | Noticed a kobold demonologist
   565 | D        | Noticed a ynoxinul
   569 | D        | Killed a kobold demonologist
   570 | D        | Reached skill level 13 in Polearms
   603 | D        | Noticed a demonic crawler
   603 | D        | Noticed a demonic crawler
   603 | D        | Noticed a demonic crawler
   603 | D        | Noticed a demonic crawler
   615 | D        | Noticed a neqoxec
   617 | D        | Noticed a chaos spawn
   622 | D        | Noticed a smoke demon
   631 | D        | Noticed a centaur warrior
   631 | D        | Noticed a centaur warrior
   633 | D        | Noticed a ynoxinul
   637 | D        | Noticed a hornet
   641 | D        | Killed a demonic crawler
   641 | D        | Reached * piety under Makhleb
   642 | D        | Reached skill level 5 in Armour
   642 | D        | Reached XP level 8. HP: 7/74 MP: 7/7
   642 | D        | HP: 5/111 [poisoned by a hornet]
   643 | D        | Shot with an arrow by a centaur warrior

Illustrated notes

Levels and vault maps discovered:
D:        dungeon_sprint_1 [red_sonja_temple_1, red_sonja_temple_small_1]

Skill      XL: |  1  2  3  4  5  6  7 |
---------------+----------------------+-----
Fighting       | 3 4 6 7 |  7.7
Polearms       | 5 7 10 12 13 | 13.7
Dodging        | 5 6 8 10 | 10.9
Throwing       | 3 4 5 6 |  6.2
Stealth        | 1 2 3 4 |  4.1
Armour         | 1 2 5 |  5.4

Action                   |  1- 3 |  4- 6 |  7- 9 || total
-------------------------+-------+-------+-------++-------
Melee: Trident           |    11 |    21 |    46 ||    78
       Headbutt          |     1 |     7 |     8 ||    16
       Punch             |       |       |     1 ||     1
Throw: Throwing net      |     3 |     1 |       ||     4
       Javelin           |       |     2 |     1 ||     3
  Use: Scroll            |       |       |     6 ||     6
       Potion            |       |       |     3 ||     3
 Stab: Held in net/web   |     1 |     1 |       ||     2
Armor: Scale mail        |       |       |    21 ||    21
Dodge: Dodged            |     4 |     4 |    39 ||    47

Table legend: (Time is in decaauts)
 A = Elapsed time spent in this place.
 B = Non-inter-level travel time spent in this place.
 C = Inter-level travel time spent in this place.
 D = Time resting spent in this place.
 E = Time spent auto-exploring this place.
 F = Levels seen in this place.
 G = Mean time per level.
                   A        B        C        D        E       F      G
               +--------+--------+--------+--------+--------+-----+--------+
         Total |    623 |    623 |      0 |    353 |      0 |   1 |  623.0 |
       Dungeon |    623 |    623 |      0 |    353 |      0 |   1 |  623.0 |
               +--------+--------+--------+--------+--------+-----+--------+

Top non-repeatable levels by time:
       D: 623 daAuts
